TOP OF THE 1ST |
Lowell Spinners batting - Pitching for Chicago (NYP) White Sox : RHP Troy O'Connor
|
Pitching: RHP Troy O'Connor
|
|
Batting: LHB Eric Gaugler
|
0-0: Called Strike 0-1: Called Strike 0-2: Ball 1-2: Ground out 4-3 (Groundball, 4S, EV 86.2 MPH)
|
Batting: LHB Kevin Rolison
|
0-0: Ground out U3 (Groundball, 3, EV 99.4 MPH)
|
Batting: LHB Danny Montoya
|
0-0: Ground out 6-3 (Groundball, 4MD, EV 104.4 MPH)
|
Top of the 1st over - 0 runs, 0 hits, 0 errors, 0 left on base; Lowell 0 - Chicago (NYP) 0 |
BOTTOM OF THE 1ST |
Chicago (NYP) White Sox batting - Pitching for Lowell Spinners : RHP Nherbert Silivan
|
Pitching: RHP Nherbert Silivan
|
|
Batting: RHB Rafael Medina
|
0-0: Swinging Strike 0-1: Ball 1-1: Ball 2-1: Fly out, F8 (Flyball, 8LXD, EV 81.9 MPH)
|
Batting: SHB Danny Gallegos
|
0-0: Ball 1-0: Called Strike 1-1: Foul Ball, location: 2F 1-2: Strikes out swinging
|
Batting: LHB Anthony Mosley
|
0-0: Ball 1-0: Called Strike 1-1: Ground out 5-3 (Groundball, 6S, EV 84.4 MPH)
|
Bottom of the 1st over - 0 runs, 0 hits, 0 errors, 0 left on base; Lowell 0 - Chicago (NYP) 0 |
TOP OF THE 2ND |
Lowell Spinners batting - Pitching for Chicago (NYP) White Sox : RHP Troy O'Connor
|
Batting: LHB Javier Cajina
|
0-0: Ball 1-0: Swinging Strike 1-1: Foul Ball, location: 2F 1-2: Ball 2-2: Ball 3-2: Fly out, F6 (Line Drive, 6, EV 74.4 MPH)
|
Batting: RHB Willie Camacho
|
0-0: SINGLE (Line Drive, 8RS, EV 104.4 MPH)
|
Batting: RHB Bakhtiar Asadov
|
0-0: Ball 1-0: Foul Ball, location: 2F 1-1: Swinging Strike 1-2: Foul Ball, location: 2F 1-2: Strikes out swinging
|
Batting: RHB Paul Long
|
0-0: Called Strike 0-1: Swinging Strike 0-2: Strikes out looking
|
Top of the 2nd over - 0 runs, 1 hit, 0 errors, 1 left on base; Lowell 0 - Chicago (NYP) 0 |
BOTTOM OF THE 2ND |
Chicago (NYP) White Sox batting - Pitching for Lowell Spinners : RHP Nherbert Silivan
|
Batting: RHB Jeremy Lewis
|
0-0: Ball 1-0: Swinging Strike 1-1: Foul Ball, location: 2F 1-2: Strikes out swinging
|
Batting: RHB Shintaro Katsumata
|
0-0: Called Strike 0-1: Ball 1-1: Ball 2-1: Ground out 6-3 (Groundball, 6, EV 90.6 MPH)
|
Batting: SHB Manny Berrones
|
0-0: Called Strike 0-1: Ball 1-1: Ball 2-1: SINGLE (Groundball, 6D, EV 103.8 MPH)
|
Batting: RHB Andy Huntley
|
0-0: Called Strike 0-1: Foul Ball, location: 2F 0-2: Fielders Choice at 2nd, 5-4 (Groundball, 56, EV 105.0 MPH)
|
Bottom of the 2nd over - 0 runs, 1 hit, 0 errors, 1 left on base; Lowell 0 - Chicago (NYP) 0 |
TOP OF THE 3RD |
Lowell Spinners batting - Pitching for Chicago (NYP) White Sox : RHP Troy O'Connor
|
Batting: RHB Rogelio Cervantes
|
0-0: Ball 1-0: Called Strike 1-1: DOUBLE (Groundball, 5L, EV 106.9 MPH)
|
Batting: RHB Roger Mitchell
|
0-0: Ball 1-0: Fly out, F8 (Line Drive, 8LM, EV 88.8 MPH)
|
Batting: LHB Eric Gaugler
|
0-0: Ball Rogelio Cervantes steals 3rd, throwing error, E2 Rogelio Cervantes scores 1-0: Ground out 6-3 (Groundball, 6M, EV 102.5 MPH)
|
Batting: LHB Kevin Rolison
|
0-0: Ball 1-0: Foul Ball, location: 2F 1-1: Ground out 2-3 (Groundball, 2L, EV 70.6 MPH)
|
Top of the 3rd over - 1 run, 1 hit, 1 error, 0 left on base; Lowell 1 - Chicago (NYP) 0 |
BOTTOM OF THE 3RD |
Chicago (NYP) White Sox batting - Pitching for Lowell Spinners : RHP Nherbert Silivan
|
Batting: RHB Eduardo Calderon
|
0-0: Ball 1-0: Ball 2-0: Ball 3-0: Base on Balls
|
Batting: RHB Ighlas Mwara
|
0-0: Foul Ball, location: 2F 0-1: Fly out, F9 (Flyball, 89S, EV 81.2 MPH)
|
Batting: RHB Rafael Medina
|
0-0: Called Strike 0-1: Ball 1-1: Ball 2-1: Ground out 4-3 (Groundball, 4S, EV 69.4 MPH) Eduardo Calderon to second
|
Batting: SHB Danny Gallegos
|
0-0: Ball 1-0: Called Strike 1-1: Ball 2-1: Swinging Strike 2-2: Foul Ball, location: 2F 2-2: Strikes out swinging
|
Bottom of the 3rd over - 0 runs, 0 hits, 0 errors, 1 left on base; Lowell 1 - Chicago (NYP) 0 |
TOP OF THE 4TH |
Lowell Spinners batting - Pitching for Chicago (NYP) White Sox : RHP Troy O'Connor
|
Batting: LHB Danny Montoya
|
0-0: Ball 1-0: Ball 2-0: Foul Ball, location: 2F 2-1: Foul Ball, location: 2F 2-2: Foul Ball, location: 2F 2-2: Strikes out swinging
|
Batting: LHB Javier Cajina
|
0-0: Foul Ball, location: 2F 0-1: Swinging Strike 0-2: Foul Ball, location: 2F 0-2: Ball 1-2: Foul Ball, location: 2F 1-2: Strikes out swinging
|
Batting: RHB Willie Camacho
|
0-0: Foul Ball, location: 2F 0-1: Swinging Strike 0-2: Strikes out swinging
|
Top of the 4th over - 0 runs, 0 hits, 0 errors, 0 left on base; Lowell 1 - Chicago (NYP) 0 |
BOTTOM OF THE 4TH |
Chicago (NYP) White Sox batting - Pitching for Lowell Spinners : RHP Nherbert Silivan
|
Batting: LHB Anthony Mosley
|
0-0: Ground out 4-3 (Groundball, 4, EV 80.0 MPH)
|
Batting: RHB Jeremy Lewis
|
0-0: Ground out U3 (Groundball, 3, EV 103.1 MPH)
|
Batting: RHB Shintaro Katsumata
|
0-0: Ground out 4-3 (Groundball, 4M, EV 106.9 MPH)
|
Bottom of the 4th over - 0 runs, 0 hits, 0 errors, 0 left on base; Lowell 1 - Chicago (NYP) 0 |
TOP OF THE 5TH |
Lowell Spinners batting - Pitching for Chicago (NYP) White Sox : RHP Troy O'Connor
|
Batting: RHB Bakhtiar Asadov
|
0-0: DOUBLE (Flyball, 8RXD, EV 113.8 MPH)
|
Batting: RHB Paul Long
|
0-0: Ball 1-0: Fly out, F9 (Flyball, 89S, EV 87.5 MPH)
|
Batting: RHB Rogelio Cervantes
|
0-0: Ground out 4-3 (Groundball, 34, EV 85.6 MPH) Bakhtiar Asadov to third
|
Batting: RHB Roger Mitchell
|
0-0: Called Strike 0-1: Called Strike 0-2: Ball 1-2: Strikes out looking
|
Top of the 5th over - 0 runs, 1 hit, 0 errors, 1 left on base; Lowell 1 - Chicago (NYP) 0 |
BOTTOM OF THE 5TH |
Chicago (NYP) White Sox batting - Pitching for Lowell Spinners : RHP Nherbert Silivan
|
Batting: SHB Manny Berrones
|
0-0: Ball 1-0: Called Strike 1-1: Foul Ball, location: 2F 1-2: Ball 2-2: Ball 3-2: Strikes out swinging
|
Batting: RHB Andy Huntley
|
0-0: Called Strike 0-1: Fly out, F9 (Flyball, 9, EV 85.0 MPH)
|
Batting: RHB Eduardo Calderon
|
0-0: Ball 1-0: Ground out 4-3 (Groundball, 4M, EV 94.4 MPH)
|
Bottom of the 5th over - 0 runs, 0 hits, 0 errors, 0 left on base; Lowell 1 - Chicago (NYP) 0 |
TOP OF THE 6TH |
Lowell Spinners batting - Pitching for Chicago (NYP) White Sox : RHP Troy O'Connor
|
Batting: LHB Eric Gaugler
|
0-0: Ball 1-0: Foul Ball, location: 2F 1-1: Ball 2-1: Swinging Strike 2-2: Foul Ball, location: 2F 2-2: Foul Ball, location: 2F 2-2: Strikes out swinging
|
Batting: LHB Kevin Rolison
|
0-0: Called Strike 0-1: Swinging Strike 0-2: Ball 1-2: Ball 2-2: Ball 3-2: Foul Ball, location: 2F 3-2: Base on Balls
|
Batting: LHB Danny Montoya
|
0-0: Called Strike 0-1: Called Strike 0-2: Ball 1-2: Foul Ball, location: 2F 1-2: Foul Ball, location: 2F 1-2: Strikes out looking
|
Batting: LHB Javier Cajina
|
0-0: Ground out 4-3 (Groundball, 34D, EV 101.9 MPH)
|
Top of the 6th over - 0 runs, 0 hits, 0 errors, 1 left on base; Lowell 1 - Chicago (NYP) 0 |
BOTTOM OF THE 6TH |
Chicago (NYP) White Sox batting - Pitching for Lowell Spinners : RHP Nherbert Silivan
|
Batting: RHB Ighlas Mwara
|
0-0: SINGLE (Groundball, 56, EV 106.2 MPH) (infield hit)
|
Batting: RHB Rafael Medina
|
0-0: Ball 1-0: Ball 2-0: Called Strike 2-1: SINGLE (Groundball, 6MS, EV 61.9 MPH) (infield hit) Ighlas Mwara to second
|
Batting: SHB Danny Gallegos
|
0-0: Called Strike 0-1: Ball 1-1: Called Strike 1-2: Foul Ball, location: 2F 1-2: Ball 2-2: Strikes out swinging
|
Batting: LHB Anthony Mosley
|
0-0: Ball 1-0: Fly out, F8 (Flyball, 8RS, EV 91.9 MPH)
|
Batting: RHB Jeremy Lewis
|
0-0: Ball 1-0: Fly out, F9 (Line Drive, 9S, EV 109.4 MPH)
|
Bottom of the 6th over - 0 runs, 2 hits, 0 errors, 2 left on base; Lowell 1 - Chicago (NYP) 0 |
TOP OF THE 7TH |
Lowell Spinners batting - Pitching for Chicago (NYP) White Sox : RHP Troy O'Connor
|
Batting: RHB Willie Camacho
|
0-0: Foul Ball, location: 2F 0-1: Called Strike 0-2: Foul Ball, location: 2F 0-2: Foul Ball, location: 2F 0-2: Foul Ball, location: 2F 0-2: Ball 1-2: Foul Ball, location: 2F 1-2: Ground out 5-3 (Groundball, 56S, EV 68.8 MPH)
|
Batting: RHB Bakhtiar Asadov
|
0-0: Ball 1-0: Called Strike 1-1: Called Strike 1-2: Ball 2-2: Ball 3-2: Strikes out swinging
|
Batting: RHB Paul Long
|
0-0: Ball 1-0: Called Strike 1-1: Foul Ball, location: 2F 1-2: Ball 2-2: Foul Ball, location: 2F 2-2: Strikes out swinging
|
Top of the 7th over - 0 runs, 0 hits, 0 errors, 0 left on base; Lowell 1 - Chicago (NYP) 0 |
BOTTOM OF THE 7TH |
Chicago (NYP) White Sox batting - Pitching for Lowell Spinners : RHP Nherbert Silivan
|
Batting: RHB Shintaro Katsumata
|
0-0: Ball 1-0: Called Strike 1-1: SINGLE (Groundball, 4MD, EV 102.5 MPH)
|
Batting: SHB Manny Berrones
|
0-0: Ball 1-0: Called Strike 1-1: Swinging Strike 1-2: Ball 2-2: Strikes out swinging
|
Batting: RHB Andy Huntley
|
0-0: Called Strike 0-1: Called Strike 0-2: Fielders Choice at 2nd, 6-4 (Groundball, 6D, EV 101.9 MPH)
|
Batting: RHB Eduardo Calderon
|
0-0: Called Strike 0-1: Ball 1-1: Foul Ball, location: 2F 1-2: Hit by Pitch Andy Huntley to second
|
Pitching: RHP Mike Goodwin
|
|
Pinch Hitting: RHB Bobby Heagle
|
0-0: Ball 1-0: Fielders Choice at 2nd, 6-4 (Groundball, 6, EV 83.1 MPH)
|
Bottom of the 7th over - 0 runs, 1 hit, 0 errors, 2 left on base; Lowell 1 - Chicago (NYP) 0 |
TOP OF THE 8TH |
Lowell Spinners batting - Pitching for Chicago (NYP) White Sox : RHP Troy O'Connor
|
Now in CF: Sean Peake
|
|
Batting: RHB Rogelio Cervantes
|
0-0: Called Strike 0-1: Ball 1-1: Ball 2-1: Fly out, F3 (Popup, 3F, EV 71.9 MPH)
|
Batting: RHB Roger Mitchell
|
0-0: Ball 1-0: Fly out, F4 (Popup, 23, EV 88.8 MPH)
|
Batting: LHB Eric Gaugler
|
0-0: Ball 1-0: Called Strike 1-1: Called Strike 1-2: Strikes out swinging
|
Top of the 8th over - 0 runs, 0 hits, 0 errors, 0 left on base; Lowell 1 - Chicago (NYP) 0 |
BOTTOM OF THE 8TH |
Chicago (NYP) White Sox batting - Pitching for Lowell Spinners : RHP Mike Goodwin
|
Batting: RHB Rafael Medina
|
0-0: Called Strike 0-1: Ball 1-1: Called Strike 1-2: Ground out 4-3 (Groundball, 34S, EV 90.6 MPH)
|
Batting: SHB Danny Gallegos
|
0-0: Swinging Strike 0-1: Called Strike 0-2: Strikes out swinging
|
Batting: LHB Anthony Mosley
|
0-0: Called Strike 0-1: Ball 1-1: Called Strike 1-2: SINGLE (Groundball, 3D, EV 97.5 MPH)
|
Batting: RHB Jeremy Lewis
|
0-0: Swinging Strike 0-1: Foul Ball, location: 2F 0-2: Ball 1-2: Ball 2-2: Fly out, F9 (Flyball, 9LM, EV 79.4 MPH)
|
Bottom of the 8th over - 0 runs, 1 hit, 0 errors, 1 left on base; Lowell 1 - Chicago (NYP) 0 |
TOP OF THE 9TH |
Lowell Spinners batting - Pitching for Chicago (NYP) White Sox : RHP Troy O'Connor
|
Pitching: RHP Mike Wheeler
|
|
Batting: LHB Kevin Rolison
|
0-0: Called Strike 0-1: Foul Ball, location: 2F 0-2: Ball 1-2: Fly out, F7 (Flyball, 7LS, EV 80.6 MPH)
|
Batting: LHB Danny Montoya
|
0-0: Called Strike 0-1: Fly out, F9 (Flyball, 89S, EV 76.9 MPH)
|
Batting: LHB Javier Cajina
|
0-0: Called Strike 0-1: Ball 1-1: Foul Ball, location: 2F 1-2: Ground out 6-3 (Groundball, 6, EV 80.6 MPH)
|
Top of the 9th over - 0 runs, 0 hits, 0 errors, 0 left on base; Lowell 1 - Chicago (NYP) 0 |
BOTTOM OF THE 9TH |
Chicago (NYP) White Sox batting - Pitching for Lowell Spinners : RHP Mike Goodwin
|
Batting: RHB Shintaro Katsumata
|
0-0: Called Strike 0-1: Called Strike 0-2: Strikes out swinging
|
Batting: SHB Manny Berrones
|
0-0: Ball 1-0: SINGLE (Flyball, 3D, EV 92.5 MPH)
|
Batting: RHB Andy Huntley
|
0-0: Ball 1-0: Ball 2-0: Foul Ball, location: 2F 2-1: Ball 3-1: Called Strike 3-2: Foul Ball, location: 2F 3-2: Foul Ball, location: 2F 3-2: Grounds into double play, U4-3 (Groundball, 6M, EV 80.6 MPH)
|
Bottom of the 9th over - 0 runs, 1 hit, 0 errors, 0 left on base; Lowell 1 - Chicago (NYP) 0 |
|